 Dungeon Crawl Stone Soup version 0.17-a0-72-gd614ac0 (webtiles) character file.

223 Chiseanne the Sneak (level 6, -2/36 HPs)
             Began as an Octopode Wizard on Mar 13, 2015.
             Slain by an orc wizard
             ... wielding a +0 dagger
              (5 damage)
             ... on level 3 of the Dungeon.
             The game lasted 00:10:11 (4608 turns).

Chiseanne the Sneak (Octopode Wizard)               Turns: 4608, Time: 00:10:12

Health: -2/36      AC:  1    Str:  9    XL:     6   Next: 0%
Magic:  9/15       EV: 12    Int: 20    God:
Gold:   245        SH:  0    Dex: 10    Spells: 5 memorised, 3 levels left

rFire  . . .     SeeInvis .     a - +1 hand axe
rCold  . . .     Clarity  .     (no shield)
rNeg   . . .     SustAb   .     b - +0 hat
rPois  .         Gourm    .     (no amulet)
rElec  .         Spirit   .     n - ring of stealth
rCorr  .         Warding  .     (no ring)
rMut   .         Stasis   .     (no ring)
MR     .....                    (no ring)
Stlth  +++++.....               (no ring)
                                (no ring)
                                (no ring)
                                (no ring)

@: repel missiles, not resistant to hostile enchantments, quite stealthy
A: almost no armour, amphibious, 8 rings, constrict 8, camouflage 1, gelatinous
body 1
a: no special abilities


You were on level 3 of the Dungeon.
You were not hungry.

You visited 1 branch of the dungeon, and saw 3 of its levels.

You collected 245 gold pieces.

Inventory:

Hand weapons
 a - a +1 hand axe (weapon)
 w - a +0 blowgun
Missiles
 e - 20 sling bullets
 h - 38 arrows
 i - 4 needles of confusion
 k - 18 bolts
 r - 21 poisoned needles
Armour
 b - a +0 hat (worn)
Jewellery
 n - a ring of stealth (left tentacle)
Scrolls
 o - a scroll of teleportation
Potions
 g - a potion of brilliance {unknown}
 j - a potion of might
 m - 6 potions of curing
 p - a potion of mutation {unknown}
 q - a potion of magic {unknown}
Books
 c - a book of Minor Magic

   Spells                             Type                      Level
   a - Magic Dart                     Conjuration                  1
   b - Blink                          Translocation                2
   c - Call Imp                       Summoning                    2
   d - Repel Missiles                 Charms/Air                   2
   e - Slow                           Hexes                        2
   f - Conjure Flame                  Conjuration/Fire             3
   g - Mephitic Cloud                 Conjuration/Poison/Air       3
Comestibles
 d - 2 bread rations
 f - 2 fruits
 l - 2 beef jerkies


   Skills:
 * Level 2.6 Dodging
 * Level 4.6 Stealth
 * Level 4.5 Spellcasting
 * Level 2.8 Conjurations
   Level 1.0 Summonings
 - Level 1.0 Translocations


You had 3 spell levels left.
You knew the following spells:

 Your Spells              Type           Power        Failure   Level  Hunger
a - Magic Dart            Conj           ###.         4%          1    None
b - Blink                 Tloc           N/A          14%         2    #......
c - Repel Missiles        Chrm/Air       #.....       21%         2    #......
d - Conjure Flame         Conj/Fire      ##......     21%         3    ##.....
e - Mephitic Cloud        Conj/Pois/Air  #.......     24%         3    ##.....


Dungeon Overview and Level Annotations

Branches:
Dungeon (3/15)

Altars:
Ashenzari
Elyvilon
Kikubaaqudgha
Makhleb


Innate Abilities, Weirdness & Mutations

You cannot wear most types of armour.
You are amphibious.
You can wear up to eight rings at the same time.
You can use your tentacles to constrict many enemies at once.
Your skin changes colour to match your surroundings (Stealth).
Your rubbery body absorbs attacks (AC +1).


Message History

The orc priest calls down the wrath of Beogh upon you.
Pain shoots through your body! The orc hits you but does no damage.
You closely miss the orc priest. Your grab misses the orc priest.
The orc priest is severely wounded.
You hit something. You hit the orc!
You kill the orc!
The orc priest mumbles some strange prayers to Beogh against you.
Something smites you!
You hear some strange, mumbled words.
The magic dart hits you!
* * * LOW HITPOINT WARNING * * *
The orc priest barely misses you.
You hit the orc priest!
You kill the orc priest!
You have reached level 6!
Your experience leads to an increase in your attributes!
Increase (S)trength, (I)ntelligence, or (D)exterity?
You feel stronger.
You closely miss something. Something hits you.
You die...

.......# #.##..[...#
......## #....######
##.....####..##
##.....##...(##
##........#...#
#.)....######.## .
#......### #..######...
_.......)#####..#).......
#....#...)).....@)....#
#.[.######...##.#........
##..#......###..#######.
##....####.##...##
##...## #....#..#
.....#####....##.#
.#.........##.##.##
................).#
#..######....o######.#


There were no monsters in sight!

Vanquished Creatures
  A giant frog zombie (D:3)
  An orc wizard (D:3)
  An orc priest (D:3)
  4 adders
  A giant mite (D:2)
  2 worms (D:3)
  3 giant geckos
  2 oozes
  7 orcs (D:3)
  10 bats
  4 hobgoblins
  7 jackals
  10 kobolds
  A quokka (D:3)
  6 giant cockroaches
  2 giant newts
  6 goblins
  8 rats
76 creatures vanquished.

Notes
Turn   | Place    | Note
--------------------------------------------------------------
     0 | D:1      | Chiseanne, the Octopode Wizard, began the quest for the Orb.
     0 | D:1      | Reached XP level 1. HP: 11/11 MP: 4/4
   290 | D:1      | Reached XP level 2. HP: 17/17 MP: 1/6
  1331 | D:1      | Reached XP level 3. HP: 17/21 MP: 0/8
  1754 | D:2      | Found a white marble altar of Elyvilon.
  2067 | D:2      | Reached XP level 4. HP: 27/27 MP: 3/10
  2260 | D:2      | Found a burning altar of Makhleb.
  2264 | D:2      | Found an ancient bone altar of Kikubaaqudgha.
  2266 | D:2      | Found a shattered altar of Ashenzari.
  2693 | D:3      | Learned a level 2 spell: Blink
  2696 | D:3      | Learned a level 2 spell: Repel Missiles
  2757 | D:3      | Learned a level 3 spell: Conjure Flame
  2764 | D:3      | Found a shattered altar of Ashenzari.
  3327 | D:3      | Reached skill level 4 in Stealth
  3355 | D:3      | Reached XP level 5. HP: 5/31 MP: 0/13
  4233 | D:3      | Learned a level 3 spell: Mephitic Cloud
  4608 | D:3      | Reached XP level 6. HP: 3/36 MP: 9/15
  4608 | D:3      | Slain by an orc wizard

Action                   |  1- 3 |  4- 6 || total
-------------------------+-------+-------++-------
Melee: Unarmed           |     2 |    11 ||    13
       Hand axe          |    17 |    29 ||    46
 Cast: Magic Dart        |    70 |    99 ||   169
       Conjure Flame     |       |     2 ||     2
       Repel Missiles    |       |     1 ||     1
  Use: Scroll            |     6 |     5 ||    11
       Potion            |       |     1 ||     1
 Stab: Sleeping          |     1 |     4 ||     5
  Eat: Chunk             |     1 |    10 ||    11
       Fruit             |     1 |       ||     1
